EVO
VANDERBILT UNIVERSITY COMMODORES @ STANFORD UNIVERSITY CARDINAL
12/15/2048
 
TOP OF THE 1ST
Vanderbilt University Commodores batting - Pitching for Stanford University Cardinal : LHP Chris Hoebing
Pitching: LHP Chris Hoebing
Batting: RHB Jose Ramos 0-0: Fly out, F9 (Flyball, 89M, EV 88.8 MPH)
Batting: RHB Paul Johnson 0-0: Called Strike
0-1: Ball
1-1: Called Strike
1-2: Ball
2-2: Ball
3-2: Foul Ball, location: 2F
3-2: Foul Ball, location: 2F
3-2: Strikes out swinging
Batting: RHB Pakiana Kileona 0-0: Ball
1-0: Ball
2-0: Ground out 4-3 (Groundball, 34, EV 86.2 MPH)
Top of the 1st over - 0 runs, 0 hits, 0 errors, 0 left on base; Vanderbilt University 0 - Stanford University 0
BOTTOM OF THE 1ST
Stanford University Cardinal batting - Pitching for Vanderbilt University Commodores : RHP Adam Hoffman
Pitching: RHP Adam Hoffman
Batting: RHB Joe Gabriel 0-0: Foul Ball, location: 2F
0-1: Ball
1-1: Foul Ball, location: 2F
1-2: Ball
2-2: Ground out 4-3 (Groundball, 34, EV 85.0 MPH)
Batting: LHB Chien Sam 0-0: Called Strike
0-1: Foul Ball, location: 2F
0-2: Ball
1-2: Ball
2-2: Foul Ball, location: 2F
2-2: SINGLE (Groundball, 6D, EV 108.1 MPH)
Batting: LHB Donny Kleinjan 0-0: Reached on error, E6 (Groundball, 6, EV 101.9 MPH)
Chien Sam to second
Batting: LHB Bryan Davidson 0-0: Ball
1-0: Fielders Choice at 2nd, 4-6 (Groundball, 4, EV 89.4 MPH)
Chien Sam to third
Batting: LHB Mike Keating 0-0: Called Strike
0-1: Ball
1-1: Ball
2-1: Ground out 4-3 (Groundball, 4, EV 101.9 MPH)
Bottom of the 1st over - 0 runs, 1 hit, 1 error, 2 left on base; Vanderbilt University 0 - Stanford University 0
TOP OF THE 2ND
Vanderbilt University Commodores batting - Pitching for Stanford University Cardinal : LHP Chris Hoebing
Batting: RHB Brad Nathan 0-0: Called Strike
0-1: Swinging Strike
0-2: SINGLE (Groundball, 6MD, EV 104.4 MPH)
Batting: RHB Mamadou Morand 0-0: Fly out, F8 (Flyball, 8LM, EV 94.4 MPH)
Batting: LHB Josh Jett 0-0: Called Strike
0-1: Grounds into double play, 5-4-3 (Groundball, 56, EV 88.8 MPH)
Top of the 2nd over - 0 runs, 1 hit, 0 errors, 0 left on base; Vanderbilt University 0 - Stanford University 0
BOTTOM OF THE 2ND
Stanford University Cardinal batting - Pitching for Vanderbilt University Commodores : RHP Adam Hoffman
Batting: RHB John Van der Linden 0-0: Swinging Strike
0-1: Foul Ball, location: 2F
0-2: Strikes out swinging
Batting: RHB Josh Benefield 0-0: Called Strike
0-1: Ball
1-1: Ball
2-1: Foul Ball, location: 2F
2-2: Strikes out swinging, 2-3 out at first.
Batting: RHB Dzevat Koljevic 0-0: Swinging Strike
0-1: Ball
1-1: Called Strike
1-2: Strikes out swinging
Bottom of the 2nd over - 0 runs, 0 hits, 0 errors, 0 left on base; Vanderbilt University 0 - Stanford University 0
TOP OF THE 3RD
Vanderbilt University Commodores batting - Pitching for Stanford University Cardinal : LHP Chris Hoebing
Batting: SHB D.J. Davis 0-0: Ball
1-0: Ground out 4-3 (Groundball, 4, EV 86.9 MPH)
Batting: RHB Eric Hays 0-0: SINGLE (Groundball, 34D, EV 99.4 MPH)
Batting: SHB Paul Dupuis 0-0: Fly out, F9 (Line Drive, 9LS, EV 93.1 MPH)
Batting: RHB Jose Ramos 0-0: Called Strike
0-1: Ball
1-1: Called Strike
1-2: Ball
2-2: Fly out, F7 (Flyball, 8LS, EV 92.5 MPH)
Top of the 3rd over - 0 runs, 1 hit, 0 errors, 1 left on base; Vanderbilt University 0 - Stanford University 0
BOTTOM OF THE 3RD
Stanford University Cardinal batting - Pitching for Vanderbilt University Commodores : RHP Adam Hoffman
Batting: RHB Ted Hickey 0-0: Called Strike
0-1: SINGLE (Groundball, 5S, EV 66.9 MPH) (infield hit)
Batting: RHB Joe Gabriel 0-0: Ball
1-0: DOUBLE (Flyball, 8LD, EV 85.6 MPH)
Ted Hickey to third
Batting: LHB Chien Sam 0-0: Swinging Strike
0-1: Ball
1-1: Ground out 6-3 (Groundball, 6, EV 105.0 MPH)
Ted Hickey scores
Batting: LHB Donny Kleinjan 0-0: Called Strike
0-1: Foul Ball, location: 2F
0-2: Ball
1-2: DOUBLE (Line Drive, 78M, EV 101.2 MPH)
Joe Gabriel scores
Batting: LHB Bryan Davidson 0-0: Called Strike
0-1: Ball
1-1: Ball
2-1: Foul Ball, location: 2F
2-2: Ball
3-2: Ground out U3 (Groundball, 3, EV 86.9 MPH)
Donny Kleinjan to third
Batting: LHB Mike Keating 0-0: Reached on error, E5 (Groundball, 5, EV 90.0 MPH)
Donny Kleinjan scores
Batting: RHB John Van der Linden 0-0: SINGLE (Groundball, 6MD, EV 94.4 MPH)
Mike Keating to third
Runner from 3rd tries for Home, SAFE, throw by CF to home
Batting: RHB Josh Benefield 0-0: Swinging Strike
0-1: Fly out, F7 (Flyball, 7S, EV 90.0 MPH)
Bottom of the 3rd over - 4 runs, 4 hits, 1 error, 1 left on base; Vanderbilt University 0 - Stanford University 4
TOP OF THE 4TH
Vanderbilt University Commodores batting - Pitching for Stanford University Cardinal : LHP Chris Hoebing
Batting: RHB Paul Johnson 0-0: Ball
1-0: Fly out, F7 (Flyball, 7, EV 75.0 MPH)
Batting: RHB Pakiana Kileona 0-0: Ball
1-0: Called Strike
1-1: Ball
2-1: Swinging Strike
2-2: Ball
3-2: Fly out, F8 (Flyball, 89M, EV 94.4 MPH)
Batting: RHB Brad Nathan 0-0: Ball
1-0: Called Strike
1-1: Ball
2-1: Ball
3-1: Base on Balls
Batting: RHB Mamadou Morand 0-0: Called Strike
0-1: Fly out, F7 (Flyball, 7S, EV 85.0 MPH)
Top of the 4th over - 0 runs, 0 hits, 0 errors, 1 left on base; Vanderbilt University 0 - Stanford University 4
BOTTOM OF THE 4TH
Stanford University Cardinal batting - Pitching for Vanderbilt University Commodores : RHP Adam Hoffman
Batting: RHB Dzevat Koljevic 0-0: Called Strike
0-1: Ball
1-1: Fly out, F9 (Flyball, 9, EV 92.5 MPH)
Batting: RHB Ted Hickey 0-0: Ball
1-0: Foul Ball, location: 2F
1-1: Called Strike
1-2: Fly out, F7 (Flyball, 78M, EV 83.1 MPH)
Batting: RHB Joe Gabriel 0-0: Ball
1-0: Ball
2-0: Called Strike
2-1: Foul Ball, location: 2F
2-2: Ball
3-2: Strikes out swinging
Bottom of the 4th over - 0 runs, 0 hits, 0 errors, 0 left on base; Vanderbilt University 0 - Stanford University 4
TOP OF THE 5TH
Vanderbilt University Commodores batting - Pitching for Stanford University Cardinal : LHP Chris Hoebing
Batting: LHB Josh Jett 0-0: Ground out 4-3 (Groundball, 4, EV 83.1 MPH)
Batting: SHB D.J. Davis 0-0: Ball
1-0: Ball
2-0: Ball
3-0: Base on Balls
Batting: RHB Eric Hays 0-0: Called Strike
0-1: Ball
Wild Pitch!
D.J. Davis to second
1-1: Called Strike
1-2: Ball
2-2: Ball
3-2: Strikes out looking
Batting: SHB Paul Dupuis 0-0: Fly out, F4 (Popup, 4D, EV 51.9 MPH)
Top of the 5th over - 0 runs, 0 hits, 0 errors, 1 left on base; Vanderbilt University 0 - Stanford University 4
BOTTOM OF THE 5TH
Stanford University Cardinal batting - Pitching for Vanderbilt University Commodores : RHP Adam Hoffman
Batting: LHB Chien Sam 0-0: SINGLE (Line Drive, 4M, EV 103.8 MPH)
Batting: LHB Donny Kleinjan 0-0: Ball
1-0: Ball
2-0: SINGLE (Groundball, 6MD, EV 104.4 MPH)
Chien Sam to second
Batting: LHB Bryan Davidson 0-0: Fly out, F7 (Flyball, 7D, EV 80.6 MPH)
Runner from 2nd tags up, SAFE at 3rd, no throw by LF
Batting: LHB Mike Keating 0-0: Called Strike
0-1: Ball
1-1: Swinging Strike
1-2: Strikes out swinging
Batting: RHB John Van der Linden 0-0: Called Strike
0-1: Ball
1-1: Ground out U3 (Groundball, 3, EV 82.5 MPH)
Bottom of the 5th over - 0 runs, 2 hits, 0 errors, 2 left on base; Vanderbilt University 0 - Stanford University 4
TOP OF THE 6TH
Vanderbilt University Commodores batting - Pitching for Stanford University Cardinal : LHP Chris Hoebing
Batting: RHB Jose Ramos 0-0: Called Strike
0-1: Ball
1-1: Ball
2-1: Fly out, F3 (Popup, 3DF, EV 65.0 MPH)
Batting: RHB Paul Johnson 0-0: Swinging Strike
0-1: Fly out, F4 (Popup, 4D, EV 58.1 MPH)
Batting: RHB Pakiana Kileona 0-0: Called Strike
0-1: Foul Ball, location: 2F
0-2: Strikes out swinging
Top of the 6th over - 0 runs, 0 hits, 0 errors, 0 left on base; Vanderbilt University 0 - Stanford University 4
BOTTOM OF THE 6TH
Stanford University Cardinal batting - Pitching for Vanderbilt University Commodores : RHP Adam Hoffman
Batting: RHB Josh Benefield 0-0: Ball
1-0: Called Strike
1-1: SINGLE (Groundball, 56, EV 101.2 MPH)
Batting: RHB Dzevat Koljevic 0-0: Called Strike
0-1: Grounds into double play, 5-4-3 (Groundball, 56S, EV 88.1 MPH)
Batting: RHB Ted Hickey 0-0: Ball
1-0: Foul Ball, location: 2F
1-1: Fly out, F8 (Flyball, 8RM, EV 91.9 MPH)
Bottom of the 6th over - 0 runs, 1 hit, 0 errors, 0 left on base; Vanderbilt University 0 - Stanford University 4
TOP OF THE 7TH
Vanderbilt University Commodores batting - Pitching for Stanford University Cardinal : LHP Chris Hoebing
Batting: RHB Brad Nathan 0-0: Called Strike
0-1: Ball
1-1: Foul Ball, location: 2F
1-2: Strikes out swinging
Batting: RHB Mamadou Morand 0-0: Called Strike
0-1: Ball
1-1: Foul Ball, location: 2F
1-2: Strikes out swinging
Batting: LHB Josh Jett 0-0: Ground out 5-3 (Groundball, 5S, EV 75.0 MPH)
Top of the 7th over - 0 runs, 0 hits, 0 errors, 0 left on base; Vanderbilt University 0 - Stanford University 4
BOTTOM OF THE 7TH
Stanford University Cardinal batting - Pitching for Vanderbilt University Commodores : RHP Adam Hoffman
Pitching: RHP Elijah Ogletree
Batting: RHB Joe Gabriel 0-0: Foul Ball, location: 2F
0-1: Ground out 1-3 (Groundball, 34S, EV 71.9 MPH)
Batting: LHB Chien Sam 0-0: Called Strike
0-1: Fly out, F8 (Flyball, 8RD, EV 105.6 MPH)
Batting: LHB Donny Kleinjan 0-0: Called Strike
0-1: Fly out, F4 (Line Drive, 4, EV 69.4 MPH)
Bottom of the 7th over - 0 runs, 0 hits, 0 errors, 0 left on base; Vanderbilt University 0 - Stanford University 4
TOP OF THE 8TH
Vanderbilt University Commodores batting - Pitching for Stanford University Cardinal : LHP Chris Hoebing
Batting: SHB D.J. Davis 0-0: Ball
1-0: Ball
2-0: Called Strike
2-1: Ball
3-1: Base on Balls
Batting: RHB Eric Hays 0-0: Swinging Strike
0-1: Swinging Strike
0-2: Strikes out swinging
Batting: SHB Paul Dupuis 0-0: Ball
1-0: Ball
2-0: Ball
3-0: Called Strike
3-1: Base on Balls
D.J. Davis to second
Pitching: RHP Eddie Georges
Batting: RHB Jose Ramos 0-0: Foul Ball, location: 2F
0-1: Ball
1-1: Swinging Strike
1-2: Strikes out looking
Batting: RHB Paul Johnson 0-0: Called Strike
0-1: Foul Ball, location: 2F
0-2: Ball
1-2: Foul Ball, location: 2F
1-2: Strikes out swinging
Top of the 8th over - 0 runs, 0 hits, 0 errors, 2 left on base; Vanderbilt University 0 - Stanford University 4
BOTTOM OF THE 8TH
Stanford University Cardinal batting - Pitching for Vanderbilt University Commodores : RHP Elijah Ogletree
Batting: LHB Bryan Davidson 0-0: Ball
1-0: SINGLE (Line Drive, 4D, EV 103.1 MPH)
Batting: LHB Mike Keating 0-0: Ball
1-0: Ball
2-0: Called Strike
2-1: Ball
3-1: 2-RUN HOME RUN (Flyball, 9D, EV 103.8 MPH), Distance : 387 ft
Batting: RHB John Van der Linden 0-0: Called Strike
0-1: Ball
1-1: Foul Ball, location: 2F
1-2: SINGLE (Line Drive, 34D, EV 98.1 MPH)
Batting: RHB Josh Benefield 0-0: Ball
1-0: Ball
2-0: Foul Ball, location: 2F
2-1: Fly out, F9 (Flyball, 9LSF, EV 93.8 MPH)
Batting: RHB Dzevat Koljevic 0-0: Fly out, F7 (Line Drive, 7, EV 100.0 MPH)
Batting: RHB Ted Hickey 0-0: Swinging Strike
0-1: Foul Ball, location: 2F
0-2: Ball
1-2: Ball
2-2: Strikes out looking
Bottom of the 8th over - 2 runs, 3 hits, 0 errors, 1 left on base; Vanderbilt University 0 - Stanford University 6
TOP OF THE 9TH
Vanderbilt University Commodores batting - Pitching for Stanford University Cardinal : RHP Eddie Georges
Batting: RHB Pakiana Kileona 0-0: Called Strike
0-1: Ball
1-1: Foul Ball, location: 2F
1-2: Foul Ball, location: 2F
1-2: Ball
2-2: Strikes out swinging
Batting: RHB Brad Nathan 0-0: Foul Ball, location: 2F
0-1: Ball
1-1: Foul Ball, location: 2F
1-2: Ground out 4-3 (Groundball, 4MS, EV 90.0 MPH)
Batting: RHB Mamadou Morand 0-0: Swinging Strike
0-1: Swinging Strike
0-2: Ball
1-2: Ball
2-2: Strikes out swinging
Top of the 9th over - 0 runs, 0 hits, 0 errors, 0 left on base; Vanderbilt University 0 - Stanford University 6
Tuesday, March 28th , 2023 - OOTP Baseball 23.10 Build 110